 Dungeon Crawl Stone Soup version 0.29-a0-474-gdfe5cd140f (webtiles) character file.

Game seed: 2610015716630975184

23 Infinimo the Cudgeller (level 2, 0/23 HPs)
             Began as a Demonspawn Gladiator on May 24, 2022.
             Succumbed to a goblin's poison
             ... on level 1 of the Dungeon.
             The game lasted 00:01:24 (830 turns).

Infinimo the Cudgeller (Demonspawn Gladiator)        Turns: 830, Time: 00:01:24

Health: 0/23       AC:  4    Str: 14    XL:     2   Next: 75%
Magic:  2/2        EV: 12    Int:  9    God:
Gold:   31         SH:  0    Dex: 14    Spells: 1/1 levels left

rFire   . . .      SeeInvis .   a - +0 flail
rCold   . . .      Faith    .   (no shield)
rNeg    . . .      Spirit   .   b - +0 leather armour
rPois   .          Reflect  .   c - +0 helmet
rElec   .          Harm     .   (no cloak)
rCorr   .          Rampage  .   (no gloves)
Will    .....                   (no boots)
Stlth   +.........              (no amulet)
HPRegen 0.07/turn               (no ring)
MPRegen 0.08/turn               (no ring)

@: lethally poisoned (0 -> -4)
A: demonic touch 1
a: no special abilities


You were on level 1 of the Dungeon.
You visited 1 branch of the dungeon, and saw 1 of its levels.

You collected 31 gold pieces.

Inventory:

Hand Weapons
 a - a +0 flail (weapon)
Missiles
 d - 3 throwing nets (quivered)
 e - a javelin
Armour
 b - a +0 leather armour (worn)
 c - a +0 helmet (worn)
Scrolls
 f - a scroll of teleportation {unknown}
 g - a scroll of enchant weapon {unknown}
 h - a scroll of vulnerability {unknown}
 i - 2 scrolls of enchant armour {unknown}
 j - a scroll of identify {unknown}
 k - a scroll of magic mapping {unknown}


   Skills:
 + Level 2.3 Fighting
 * Level 3.2 Maces & Flails
 - Level 1.7 Throwing
 + Level 3.0 Dodging


You had one spell level left.
You didn't know any spells.
Your spell library was empty.

Dungeon Overview and Level Annotations

Branches:
Dungeon (1/15)

Altars:


Innate Abilities, Weirdness & Mutations

Your touch may inflict minor irresistible damage on your foes.


Message History

A goblin and an endoplasm come into view.
The goblin is wielding a +1 dagger of venom.
The goblin shouts!
The endoplasm quivers.
The endoplasm moves out of view.
A goblin is nearby!
A goblin is nearby!
The goblin hits you with a +1 dagger of venom.
You kill the endoplasm!
The goblin hits you with a +1 dagger of venom.
You are poisoned.
You are lethally poisoned!
Your Dodging skill increases to level 3!
You sock the goblin!
You kill the goblin!
You feel very sick.
No target in view!
There is a lethal amount of poison in your body!
There is a lethal amount of poison in your body!
There is a lethal amount of poison in your body!
You aren't carrying any potions.
Okay, then.
You aren't carrying any potions.
Okay, then.
You feel very sick.
Things that are here:
a +1 dagger of venom; a goblin corpse Search for what [? for help]?
Okay, then.
Search for what [? for help]? .
You feel very sick.
* * * LOW HITPOINT WARNING * * *
You feel sick.
* * * LOW HITPOINT WARNING * * *
You feel sick.
* * * LOW HITPOINT WARNING * * *
You feel sick.
* * * LOW HITPOINT WARNING * * *
You feel sick.
You die...

..................^.
##.................. ###
#####.#.#..##.#.### #..
...........##.#.### #.#
#####.#.#..##.#.##. ##.#
##.#†#..##.#.##. #...
...........†....>
#.#######.#.#..........
#.....@...#.#..........
#.###.##..#.....#.#.##.
#)#....................
#.###.##..#.##..#.#.##.
#.# #.##..#.##..#......
#.# #†##..#.##..###....
#.# #.##..#.##..# ####.
##.###.##..#.##..######.
#.......................


There were no monsters in sight!

Vanquished Creatures
  4 ball pythons (D:1)
  7 endoplasms (D:1)
  A giant cockroach (D:1)
  A hobgoblin (D:1)
  A quokka (D:1)
  3 bats (D:1)
  2 goblins (D:1)
  A rat (D:1)
20 creatures vanquished.

Notes
Turn   | Place    | Note
-------+----------+-------------------------------------------
     0 | D:1      | Infinimo the Demonspawn Gladiator began the quest for the
                  | Orb.
     0 | D:1      | Reached XP level 1. HP: 16/16 MP: 1/1
   307 | D:1      | Gained mutation: Your touch may inflict minor irresistible
                  | damage on your foes. [demonic ancestry]
   307 | D:1      | Reached XP level 2. HP: 16/22 MP: 2/2
   553 | D:1      | Found a faded altar of an unknown god.
   829 | D:1      | HP: 1/23 [poisoned by a goblin]
   830 | D:1      | Succumbed to a goblin's poison

Illustrated notes

Levels and vault maps discovered:
D:1:      lemuel_arrival_room, layout_basic, chequers_ecumenical_altar_island

Skill      XL: |  1  2 |
---------------+-------+-----
Maces & Flails | 3 |  3.2
Dodging        | 3 |  3.0
Fighting       | |  2.3
Throwing       | |  1.7

Action                   || total
-------------------------++-------
Melee: Flail             ||    42
       Punch             ||     1
       Touch             ||     5
Armor: Leather armour    ||    17
Dodge: Dodged            ||    27

Table legend: (Time is in decaauts)
 A = Elapsed time spent in this place.
 B = Non-inter-level travel time spent in this place.
 C = Inter-level travel time spent in this place.
 D = Time resting spent in this place.
 E = Time spent auto-exploring this place.
 F = Levels seen in this place.
 G = Mean time per level.
                   A        B        C        D        E       F      G
               +--------+--------+--------+--------+--------+-----+--------+
         Total |    842 |    842 |      0 |      0 |    727 |   1 |  842.0 |
       Dungeon |    842 |    842 |      0 |      0 |    727 |   1 |  842.0 |
               +--------+--------+--------+--------+--------+-----+--------+

Top non-repeatable levels by time:
     D:1: 842 daAuts
